ArCris, chaotic male human Barbarian ---- ----- ---- |..-----------.|.-- --- |..| ---.................---.--- |..| |...------------..........| --.| ---.--- |..........----------------- | |.| |...| --.................(.....((........- |.| |.--- --..........<...-------------- |.| |.| |......---.....-- |.--|.|--- |.....-- --...--- --- |...|.|..| --....| ......---..-- ---.|....-- --..-| .......|....-- |.......-- |...| -.............| --.......| |...----|.............| |......-- --.....--...*.....(...-- |...--.| ---.....................--- ----...| --.........................| ---.--- ---..................---....>| --...| |.....--.--........--- ..--- |..--- |....-------.......| -- |..| ---..| ----..--- ---- ---- --- ArCris the Pillager Experience level: 5 Strength: 18/01 Dexterity: 16 Constitution: 18 Intelligence: 7 Wisdom: 9 Charisma: 6 Health: 0(49) Energy: 14(14) Def: 3 Gold: 234 Moves: 2008 Dungeon seed: adIXJij6_lDaBcbF Game ID: ArCris_1458893661 Your Inventory: Coins $ - 234 gold pieces Weapons a - a rusty +0 two-handed sword (weapon in hands) b - a +0 axe (alternate weapon; not wielded) d - 13 +0 darts j - a +0 sling n - a +0 flail s - a +0 sling u - a +0 elven dagger A - a +0 aklys D - 3 cursed +0 daggers E - a +0 bow F - 4 cursed -3 daggers G - 3 +0 daggers Armor e - an uncursed +0 ring mail (being worn) q - an uncursed +0 orcish helm y - an uncursed +0 orcish helm z - a blessed +0 dwarvish cloak Comestibles m - an uncursed partly eaten food ration r - an uncursed food ration Scrolls g - a blessed scroll of identify I - a cursed scroll of identify Spellbooks k - an uncursed spellbook of remove curse Potions f - 2 uncursed potions of invisibility i - an uncursed potion of healing w - an uncursed potion of gain energy x - an uncursed potion of see invisible Wands H - a wand of secret door detection (0:14) Gems N - an uncursed worthless piece of blue glass Spells and supernatural/magical abilities: Name Level Category Fail Memory W - pray for help -- divine ? -- Your skills at the end: Fighting Skills bare handed combat [Basic] Weapon Skills axe [Basic] two-handed sword [Basic] Spellcasting Skills Final Attributes: You were stridently aligned. You were poison resistant. You were blinded. You saw invisible. You were unlucky. You are dead. Vanquished creatures: a gnome lord a red naga hatchling a floating eye 2 kittens 2 dwarves an orc zombie an iguana an acid blob 3 hobbits 2 cave spiders a yellow mold 8 gnomes 4 jackals 2 foxes 2 kobolds 2 goblins 2 sewer rats 4 lichens a kobold zombie 3 newts 44 creatures vanquished. Voluntary challenges: You were an atheist. You used a wielded weapon 44 times, starting on turn 32. You read items or engraved 1 time, starting on turn 510. You never genocided any monsters. You never polymorphed an object. You never changed form. You used no wishes. You never split a pudding. You never wrote Elbereth's name. You violated your moral code, losing 15 points of alignment, starting on turn 1828. Dungeon overview: The Dungeons of Doom: levels 1 to 3 Level 1 a fountain a long staircase Level 2 a fountain Level 3 a potion shop stairs to The Gnomish Mines The Gnomish Mines: levels 4 to 5 Level 4 stairs to The Dungeons of Doom Level 5 <- You were here History has recorded: On T:1 you entered the Dungeons of Doom to retrieve the Amulet of Yendor! On T:506 you reached level 2 of The Dungeons of Doom. On T:842 you advanced to experience level 2. On T:1063 you reached level 3 of The Dungeons of Doom. On T:1215 you advanced to experience level 3. On T:1515 you reached level 1 of The Gnomish Mines. On T:1523 you advanced to experience level 4. On T:1647 you advanced to experience level 5. On T:1860 you reached level 2 of The Gnomish Mines. Score breakdown: Gold: 234 ( 8065 points) Experience: 5 levels (11141 points) Exploration: 5 levels ( 10.20%) ( 8660 points) Discoveries: 1 item ( 0.41%) ( 1912 points) Valuables value: (no points given unless you survive) Artifact value: 0 ( 0 points) Variety of kills: 20 monsters ( 5.25%) ( 6873 points) Turncount: 2008 turns ( -6 points) Survival: died (score multiplied by 80%) Total score: 29316 Latest messages: You hear a nearby zap. The bolt of lightning hits you! You die... Final status: Goodbye ArCris the Barbarian, killed by a bolt of lightning... You died in The Gnomish Mines on dungeon level 5 with 29316 points, and 234 pieces of gold, after 2008 moves. You were level 5 with a maximum of 49 hit points when you died.